 Dungeon Crawl Stone Soup version 0.24-a0-208-g17bec22d17 (webtiles) character file.

Game seed: 12526703811826404981

2825 Redear the Covert (level 9, -13/37 HPs)
             Began as a Felid Monk on Mar 29, 2019.
             Was a Believer of Nemelex Xobeh.
             Mangled by a yak (18 damage)
             ... on level 10 of the Dungeon.
             The game lasted 00:41:20 (11383 turns).

Redear the Covert (Felid Monk)                     Turns: 11383, Time: 00:41:21

Health: -13/37     AC:  2    Str: 10    XL:     9   Next: 45%
Magic:  15/15      EV: 28    Int: 12    God:    Nemelex Xobeh [**....]
Gold:   422        SH:  0    Dex: 19    Spells: 12/15 levels left
                                        Lives:  0   Deaths: 2

rFire    . . .     SeeInvis +     - Unarmed
rCold    + . .     Gourm    .   (shield unavailable)
rNeg     . . .     Faith    .   (armour unavailable)
rPois    .         Spirit   .   (helmet unavailable)
rElec    .         Reflect  .   (cloak unavailable)
rCorr    .         Harm     .   (gloves unavailable)
MR       +....                  (boots unavailable)
Stlth    +++++.....             y - amulet of rage
HPRegen  0.12/turn              I - ring of protection from cold
MPRegen  0.14/turn              (no ring)

@: berserk cooldown, slowed, slow
A: very small, no armour, no weapons or thrown items, stealth, claws 1, fangs 3,
see invisible, carnivore, speed 1, shaggy fur 2, slow metabolism 1, sharp paws
a: Draw Escape, Draw Destruction, Draw Summoning, Renounce Religion, Evoke
Berserk Rage


You were on level 10 of the Dungeon.
You worshipped Nemelex Xobeh.
Nemelex Xobeh was pleased with you.
You were not hungry.

You visited 2 branches of the dungeon, and saw 11 of its levels.

You collected 422 gold pieces.

Inventory:

Jewellery
 f - an uncursed ring of ice {rC+, rF-}
 q - an uncursed amulet of magic regeneration
 y - an amulet of rage (around neck)
 I - a ring of protection from cold (left paw)
Wands
 p - a wand of flame (6)
Scrolls
 d - 9 scrolls of identify {unknown}
 e - 2 scrolls of amnesia {unknown}
 j - 4 scrolls of teleportation {unknown}
 k - 3 scrolls of fear {unknown}
 l - 4 scrolls of remove curse
 m - 2 scrolls of immolation {unknown}
 o - 4 scrolls of magic mapping {unknown}
 s - a scroll of brand weapon {unknown}
 t - 3 scrolls of enchant weapon {unknown}
 v - a scroll of enchant armour {unknown}
 w - 4 scrolls of blinking {unknown}
 x - 2 scrolls of random uselessness {unknown}
Potions
 c - 3 potions of might
 g - 2 potions of flight
 h - a potion of resistance {unknown}
 i - 4 potions of brilliance {unknown}
 n - 3 potions of agility {unknown}
 r - 2 potions of heal wounds {unknown}
 u - 2 potions of degeneration {unknown}
 z - a potion of mutation {unknown}
 A - a potion of invisibility {unknown}
 B - a potion of berserk rage {unknown}
Comestibles
 a - 17 rations


   Skills:
 - Level 3.0 Fighting
 - Level 10.9 Dodging
 - Level 11.4 Stealth
 - Level 8.6 Unarmed Combat
 - Level 3.5 Spellcasting
 - Level 5.0 Hexes
 - Level 4.3 Ice Magic
 + Level 4.9 Invocations


You had 12 spell levels left.
You knew the following spells:

 Your Spells              Type           Power        Failure   Level  Hunger
a - Ensorcelled Hibernat  Hex/Ice        ##....       5%          2    ##.....
v - Corona                Hex            ##.....      3%          1    #......

Your spell library contained the following spells:

 Spells                   Type           Power        Failure   Level  Hunger
 Confuse                  Hex            ##......     9%          3    ###....
 Tukima's Dance           Hex            ##......     9%          3    ###....
 Summon Small Mammal      Summ           #...         24%         1    #......
 Dazzling Spray           Conj/Hex       #.....       26%         3    ###....
 Summon Guardian Golem    Hex/Summ       #.......     26%         3    ###....
 Call Imp                 Summ           #.......     34%         2    ##.....
 Call Canine Familiar     Summ           #.......     56%         3    ###....
 Summon Ice Beast         Ice/Summ       #.......     67%         4    #####..
 Summon Lightning Spire   Summ/Air       #.......     93%         4    #####..


Dungeon Overview and Level Annotations

Branches:
Dungeon (11/15)            Temple (1/1) D:7
   Lair: D:8-11         Orc: D:9-12

Altars:
Ashenzari
Cheibriados
Dithmenos
Elyvilon
Fedhas
Gozag
Hepliaklqana
Kikubaaqudgha
Makhleb
Nemelex Xobeh
Okawaru
Qazlal
Ru
Sif Muna
Trog
Uskayaw
Vehumet
Wu Jian
Xom
Yredelemnul
Zin
The Shining One

Shops:
D:5 }=[   D:8 ((

Annotations:
D:4 2 transporters, loom's ghost, amateur GrFi


Innate Abilities, Weirdness & Mutations

You cannot wear armour.
You are incapable of wielding weapons or throwing items.
Your paws allow you to move quietly. (Stealth)
You have sharp claws.
You have razor-sharp teeth.
You have supernaturally acute eyesight. (SInv)
You are carnivorous and can eat meat at any time.
You cover ground quickly.
You are covered in thick fur. (AC +2)
You have a slow metabolism.
Your sharp claws are effective at attacking unaware monsters.


Message History

You feel yourself slow down. The yak gores you. x2
The yak gores you but does no damage.
You can move again.
You now have 22/37 hp.
Unknown command.
You're still recovering from your berserk rage.
Unknown command.
Unknown command.
Okay, then.
You scratch the yak but do no damage. The yak gores you!
* * * LOW HITPOINT WARNING * * *
You take 17 damage, and have 5/37 hp.
MASSIVE DAMAGE!!
Okay, then.
Okay, then.
You draw a card...
You have drawn Velocity.
Nothing appears to happen.
The yak gores you!!
You die...
Your body glows slightly and disappears.

.....#.## <. #........ ...YY...#
...###.......... ....##.##
...##........... #... #..#
#..##......$..... ## ##..###..#
#...#............ ##.
#...##..#####...#......#.....##..
...YY...........#.##..##.###.....
................#†##..##.........
.##......####..Y@....# #..##...
..........####.......### #.......
...#.....##.#..........###.......
...#.........#.........#.#......>
..........##.#.................#.
.........###...........#####.#.##
.....#...# ##..........## ##....
...####.## #............# ####...
... #..####.........#####.#...#


You could see a yak.

Levels and vault maps discovered:
D:1:      kennysheep_arrival_seaside, layout_basic, minmay_vboxes
D:2:      layout_loops_cross, kennysheep_generic_room_7, uniq_sigmund
D:3:      layout_loops_corners, marbit_many_paths, uniq_robin
D:4:      layout_basic, gammafunk_ghost_mausoleum, first_ration
D:5:      layout_basic, chequers_temple_overflow_minitemple, serial_shops,
          shop_fountains, nicolae_shop_stone, shop, evilmike_ruin_ashenzari
D:6:      layout_loops_ring, grunt_temple_overflow_diamond,
          chequers_serial_rivers_small_3
D:7:      layout_cave_pools, minmay_temple_entry_waves, gammafunk_ghost_grave
D:8:      layout_basic, serial_shops, shop, nicolae_shop_overgrown_old_shop
D:10:     layout_cave_pools, david_nohive_1
D:11:     layout_irregular_city, uniq_grum
Temple:   dshaligram_water_room_temple

Notes
Turn   | Place    | Note
-------+----------+-------------------------------------------
     0 | D:1      | Redear the Felid Monk began the quest for the Orb.
     0 | D:1      | Reached XP level 1. HP: 10/10 MP: 2/2
    27 | D:1      | Identified a +0 whip
    32 | D:1      | Identified a +0 club
   125 | D:1      | Reached skill level 3 in Stealth
   129 | D:1      | Identified a +0 club
   138 | D:1      | Reached XP level 2. HP: 6/14 MP: 3/3
   214 | D:1      | Identified a ring of ice (You found it on level 1 of the
                  | Dungeon)
   741 | D:2      | Identified a +0 whip
   746 | D:2      | Reached XP level 3. HP: 17/17 MP: 4/4
   807 | D:2      | Identified a +2 short sword of venom
   807 | D:2      | HP: 4/17 [dart slug/slug dart (4)]
  1033 | D:2      | Reached skill level 4 in Stealth
  1340 | D:2      | Identified a +0 dagger
  1425 | D:2      | Identified a +0 club
  1451 | D:2      | Identified a cursed -1 club
  1493 | D:2      | Reached skill level 5 in Dodging
  1493 | D:2      | Reached XP level 4. HP: 13/21 MP: 5/5
  1597 | D:2      | Identified a +0 scythe
  1597 | D:2      | Identified a cursed +0 robe
  1597 | D:2      | Noticed Sigmund
  1603 | D:2      | Killed Sigmund
  1603 | D:2      | Reached skill level 5 in Stealth
  1603 | D:2      | Reached skill level 4 in Unarmed Combat
  1603 | D:2      | Reached XP level 5. HP: 22/24 MP: 6/6
  1670 | D:2      | Reached skill level 6 in Dodging
  1853 | D:3      | Identified a +0 short sword
  1853 | D:3      | Identified a +0 blowgun
  1953 | D:3      | Identified a +0 whip
  1953 | D:3      | Identified a +0 leather armour
  1991 | D:3      | Identified a +0 club
  1991 | D:3      | Identified a +0 club
  1992 | D:3      | Identified a +0 whip
  1992 | D:3      | Identified a +0 animal skin
  1992 | D:3      | Identified a +0 helmet
  1992 | D:3      | Noticed Robin
  1992 | D:3      | Identified a +0 club
  1992 | D:3      | Identified a +0 club
  1992 | D:3      | Identified a +0 hunting sling
  1992 | D:3      | Identified a +0 club
  1992 | D:3      | Identified a +0 club
  1992 | D:3      | Identified a cursed -2 club
  2171 | D:3      | Gained mutation: You are covered in thick fur. (AC +2)
                  | [Felid growth]
  2171 | D:3      | Reached XP level 6. HP: 26/28 MP: 7/7
  2175 | D:3      | Killed Robin
  2282 | D:3      | Identified a +0 flail
  2282 | D:3      | Identified a +0 leather armour
  2342 | D:3      | Identified a +1 flail of protection
  2345 | D:3      | Identified a +0 halberd
  2346 | D:3      | Identified a +0 spear
  2715 | D:3      | Found a bloodstained altar of Trog.
  2810 | D:3      | Identified a +0 club
  3343 | D:4      | Reached skill level 6 in Stealth
  3409 | D:4      | Identified a +0 club
  3410 | D:4      | Identified a +0 whip
  3411 | D:4      | Identified a +0 club
  3411 | D:4      | Identified a +0 leather armour
  3412 | D:4      | Identified a +0 dagger
  3412 | D:4      | Identified a +0 robe
  3677 | D:4      | Reached skill level 5 in Unarmed Combat
  3706 | D:4      | Found a transporter.
  3742 | D:4      | Noticed loom's ghost (amateur GrFi)
  3743 | D:4      | Found a transporter.
  3900 | D:5      | Entered Level 5 of the Dungeon
  3925 | D:5      | Reached XP level 7. HP: 31/31 MP: 8/8
  3933 | D:5      | Found Juacso Pab's Jewellery Emporium.
  3945 | D:5      | Identified a +0 shortbow
  3952 | D:5      | Reached skill level 7 in Dodging
  3953 | D:5      | Identified a +0 flail
  3962 | D:5      | Identified a +0 whip
  3998 | D:5      | Reached skill level 7 in Stealth
  4015 | D:5      | Identified a +0 halberd
  4016 | D:5      | Identified a +0 spear
  4133 | D:5      | Identified a +0 dagger
  4133 | D:5      | Identified a +0 chain mail
  4150 | D:5      | Identified a +0 hand axe
  4150 | D:5      | Identified a +0 leather armour
  4368 | D:5      | Found Ziaff's Gadget Shoppe.
  4442 | D:5      | Identified an amulet of magic regeneration (You found it on
                  | level 3 of the Dungeon)
  4443 | D:5      | Identified a ring of protection from cold (You found it on
                  | level 5 of the Dungeon)
  4444 | D:5      | Identified a ring of teleportation (You found it on level 3
                  | of the Dungeon)
  4542 | D:5      | Identified a +0 dagger
  4542 | D:5      | Identified a +0 robe
  4551 | D:5      | Identified a +0 dagger
  4551 | D:5      | Identified a +0 robe
  4553 | D:5      | Identified a +0 ring mail
  4566 | D:5      | Reached skill level 6 in Unarmed Combat
  4624 | D:5      | Found a shattered altar of Ashenzari.
  4677 | D:5      | Identified a +0 long sword
  4677 | D:5      | Identified a +0 shortbow
  4677 | D:5      | Identified a +0 robe
  4833 | D:5      | Found a radiant altar of Vehumet.
  4833 | D:5      | Found a stormy altar of Qazlal.
  4839 | D:5      | Found a snail-covered altar of Cheibriados.
  4841 | D:5      | Found a hazy altar of Hepliaklqana.
  4842 | D:5      | Found a burning altar of Makhleb.
  4921 | D:5      | Found Zaud's Antique Armour Shop.
  5128 | D:5      | Reached skill level 8 in Dodging
  5128 | D:5      | Reached skill level 8 in Stealth
  5128 | D:5      | Reached XP level 8. HP: 30/34 MP: 9/9
  5468 | D:6      | Identified a +1 scimitar
  5468 | D:6      | Identified a +0 robe
  5469 | D:6      | Identified a cursed +1 falchion
  5469 | D:6      | Identified a +0 robe
  5636 | D:6      | Identified a +3 short sword of freezing
  5636 | D:6      | Identified a +0 robe
  5646 | D:6      | Identified an amulet of rage (You found it on level 6 of
                  | the Dungeon)
  5772 | D:6      | You fall through a shaft for 2 floors!
  5777 | D:8      | Identified a +0 short sword
  5777 | D:8      | Identified a +0 short sword
  5777 | D:8      | Identified a +0 short sword
  5778 | D:8      | Identified a +0 whip
  5819 | D:7      | Found a staircase to the Ecumenical Temple.
  5820 | D:7      | Identified a +0 dagger
  5820 | D:7      | Identified a +0 robe
  5821 | D:7      | Identified a +2 whip of pain
  5824 | D:7      | Identified a +0 giant spiked club
  5825 | D:7      | Identified a +0 dagger
  5830 | D:7      | Identified a +0 falchion
  5831 | D:7      | Identified a +2 mace of crushing
  5831 | D:7      | Identified a +0 leather armour
  5832 | D:7      | Identified a +0 dagger
  5832 | D:7      | Identified a +0 robe
  5842 | D:7      | HP: 4/34 [orc wizard/puff of flame (10)]
  5844 | D:8      | Identified a +0 hand axe
  5844 | D:8      | Identified a +0 mace
  5844 | D:8      | Identified a +0 scale mail
  5844 | D:8      | Identified a +0 club
  5844 | D:8      | Identified a +0 hand axe
  5849 | D:8      | HP: 2/34 [orc/+0 hand axe (3)]
  5852 | D:8      | Identified 4 potions of might
  5853 | D:8      | Identified 3 potions of curing
  6105 | D:8      | Reached skill level 9 in Stealth
  6128 | D:8      | Identified a +0 mace
  6128 | D:8      | Identified a +0 flail
  6128 | D:8      | Identified a +0 dagger
  6128 | D:8      | Identified a +0 robe
  6128 | D:8      | Identified a cursed +0 short sword
  6361 | D:8      | Identified a +0 mace of holy wrath
  6361 | D:8      | Identified a +0 leather armour
  6386 | D:8      | Reached skill level 9 in Dodging
  6490 | D:8      | Reached skill level 7 in Unarmed Combat
  6597 | D:7      | Found a runed translucent door.
  6598 | D:7      | Noticed kirsanium's ghost (novice OgWz)
  6609 | D:7      | Identified a +0 hand axe
  6609 | D:7      | Identified a +0 chain mail
  6609 | D:7      | Identified a +0 flail
  6609 | D:7      | Identified a +0 ring mail
  6613 | D:7      | Killed kirsanium's ghost
  6613 | D:7      | Reached skill level 10 in Stealth
  6613 | D:7      | Reached XP level 9. HP: 37/37 MP: 10/10
  6656 | D:8      | Identified a +3 long sword
  6656 | D:8      | Identified a cursed +0 robe
  6656 | D:8      | Identified a cursed +3 short sword
  6656 | D:8      | Identified a +0 robe
  6656 | D:8      | Identified a cursed +0 dagger
  6656 | D:8      | Identified a +0 robe
  6723 | D:7      | Identified a +0 morningstar
  6723 | D:7      | Identified a +0 chain mail
  6750 | D:7      | Noticed a troll
  6759 | D:7      | Identified 3 potions of flight
  6766 | D:7      | Reached skill level 10 in Dodging
  6884 | D:7      | Identified a +0 trident
  6884 | D:7      | Identified a +0 leather armour
  6890 | D:7      | Identified a +0 glaive
  6890 | D:7      | Identified a cursed +0 chain mail
  6950 | D:7      | Killed a troll
  6950 | D:7      | Reached skill level 8 in Unarmed Combat
  7112 | Temple   | Entered the Ecumenical Temple
  7219 | D:7      | Identified a +0 leather armour
  7221 | D:7      | Identified a +0 dagger
  7222 | D:7      | Identified a +1 ring mail of fire resistance
  7223 | D:7      | Identified a +0 ring mail
  7497 | D:6      | Identified a +0 chain mail
  7505 | D:6      | HP: 6/37 [wight/+1 scimitar (16)]
  7794 | D:5      | Identified 5 scrolls of remove curse
  7833 | D:6      | Identified a cursed -2 scimitar
  7833 | D:6      | Identified a +0 plate armour
  7835 | D:6      | Identified a +2 dagger of venom
  7835 | D:6      | Identified a +0 robe
  7840 | D:6      | Reached skill level 11 in Stealth
  7841 | D:6      | Identified a +0 war axe
  7841 | D:6      | Identified a +0 ring mail
  8187 | D:6      | Found a sparkling altar of Nemelex Xobeh.
  8192 | D:6      | Became a worshipper of Nemelex Xobeh the Trickster
  8192 | D:6      | Received a gift from Nemelex Xobeh
  8192 | D:6      | Reached * piety under Nemelex Xobeh
  8192 | D:6      | Reached ** piety under Nemelex Xobeh
  8192 | D:6      | Received a gift from Nemelex Xobeh
  8197 | D:6      | Found a deep blue altar of Sif Muna.
  8200 | D:6      | Found a glowing golden altar of the Shining One.
  8380 | D:7      | Identified a +0 shortbow
  8818 | D:7      | Learned a level 2 spell: Ensorcelled Hibernation
  8820 | D:7      | Learned a level 1 spell: Corona
  8877 | D:7      | Reached skill level 1 in Hexes
  8985 | D:7      | Reached skill level 2 in Hexes
  9003 | D:7      | HP: 9/37 [poisoned by a killer bee]
  9008 | D:7      | HP: 8/37 [poisoned by a killer bee]
  9300 | D:8      | Identified a +4 whip
  9300 | D:8      | Identified a +0 dagger
  9307 | D:8      | Reached skill level 3 in Hexes
  9392 | D:8      | Received a gift from Nemelex Xobeh
  9393 | D:8      | Identified a +0 whip
  9394 | D:8      | Identified a +0 short sword
  9397 | D:8      | Identified a +0 short sword
  9410 | D:8      | Reached skill level 4 in Hexes
  9436 | D:8      | Found Irepsiym's Weapon Shop.
  9698 | D:8      | Reached skill level 5 in Hexes
  9863 | D:8      | Reached skill level 1 in Ice Magic
  9976 | D:8      | Found Foqeohud's Antique Weapon Shop.
  9981 | D:8      | Reached XP level 10. HP: 42/42 MP: 11/11
 10024 | D:8      | Identified a +0 flail
 10024 | D:8      | Identified a +0 chain mail
 10026 | D:8      | Identified a +0 dagger
 10026 | D:8      | Identified a +0 robe
 10029 | D:8      | HP: 8/42 [orc priest/divine providence (9)]
 10052 | D:8      | You fall through a shaft for 3 floors!
 10271 | D:11     | Identified a cursed +0 great sword
 10271 | D:11     | Identified a +0 robe
 10273 | D:11     | Identified a +0 great sword
 10273 | D:11     | Identified a +0 robe
 10274 | D:11     | Identified a +1 long sword
 10274 | D:11     | Identified a +0 robe
 10274 | D:11     | Identified a cursed +3 trident
 10274 | D:11     | Identified a +0 robe
 10296 | D:11     | Reached skill level 2 in Ice Magic
 10415 | D:11     | Reached skill level 3 in Ice Magic
 10427 | D:11     | Reached skill level 4 in Ice Magic
 10437 | D:11     | HP: 8/42 [yak (17)]
 10442 | D:11     | Mangled by a yak
 10443 | D:11     | Reached XP level 9. HP: -9/37 MP: 10/10
 10475 | D:11     | Received a gift from Nemelex Xobeh
 10504 | D:10     | Entered Level 10 of the Dungeon
 10534 | D:10     | Reached skill level 1 in Spellcasting
 10535 | D:10     | Noticed a queen bee
 10541 | D:10     | Killed a queen bee
 10541 | D:10     | Reached skill level 2 in Spellcasting
 10554 | D:10     | Reached skill level 3 in Spellcasting
 10561 | D:10     | Noticed a manticore
 10565 | D:10     | HP: 5/37 [killer bee (6)]
 10565 | D:10     | HP: 1/37 [killer bee (4)]
 10566 | D:10     | Mangled by a killer bee
 10567 | D:10     | Reached XP level 8. HP: -6/34 MP: 12/13
 10605 | D:10     | Killed a manticore
 10605 | D:10     | Reached skill level 2 in Invocations
 10605 | D:10     | Reached XP level 9. HP: 14/37 MP: 15/15
 10932 | D:10     | Identified a +0 trident
 10945 | D:10     | Reached skill level 3 in Invocations
 11345 | D:10     | Received a gift from Nemelex Xobeh
 11364 | D:10     | Reached skill level 4 in Invocations
 11382 | D:10     | HP: 5/37 [yak (17)]
 11383 | D:10     | Mangled by a yak

Table legend:
 A = Turns spent in this place as a percentage of turns spent in the entire game.
 B = Non-inter-level travel turns spent in this place as a percentage of non-inter-level travel turns spent in the entire game.
 C = Inter-level travel turns spent in this place as a percentage of turns spent in this place.
 D = Turns resting spent in this place as a percentage of non-inter-level travel turns spent in this place.
 E = Turns spent auto-exploring this place as a percentage of non-inter-level travel turns spent in this place.
 F = Non-inter-level travel turns spent in this place divided by the number of levels of this place that you've seen.
                   A       B       C       D       E      F
               +-------+-------+-------+-------+-------+----------------------
         Total | 100.0 | 100.0 |   2.5 |  32.6 |  35.8 | 1009.3
       Dungeon |  99.2 |  99.1 |   2.5 |  32.9 |  35.5 | 1100.7
        Temple |   0.8 |   0.9 |   0.0 |   0.0 |  71.6 |  95.0
               +-------+-------+-------+-------+-------+----------------------

Table legend:
 A = Kills in this place as a percentage of kills in entire the game.
 B = Kills by you in this place as a percentage of kills by you in the entire game.
 C = Kills by friends in this place as a percentage of kills by friends in the entire game.
 D = Other kills in this place as a percentage of other kills in the entire game.
 E = Experience gained in this place as a percentage of experience gained in the entire game.
 F = Experience gained in this place divided by the number of levels of this place that you have seen.
                   A       B       C       D       E      F
               +-------+-------+-------+-------+-------+----------------------
         Total | 100.0 | 100.0 |   N/A | 100.0 | 100.0 | 863.1
       Dungeon | 100.0 | 100.0 |   N/A | 100.0 | 100.0 | 949.4
               +-------+-------+-------+-------+-------+----------------------

Skill      XL: |  1  2  3  4  5  6  7  8  9 10 |
---------------+-------------------------------+-----
Stealth        | 3 4 5 6 8 10 11 | 11.4
Dodging        | 5 6 8 9 10 | 10.9
Unarmed Combat | 4 5 6 7 8 |  8.6
Hexes          | 5 |  5.0
Ice Magic      | 1 4 |  4.3
Spellcasting   | 3 |  3.5
Invocations    | 2 4 |  4.9
Fighting       | |  3.0

Action                   |  1- 3 |  4- 6 |  7- 9 | 10-12 || total
-------------------------+-------+-------+-------+-------++-------
Melee: Unarmed           |    90 |   136 |   509 |    42 ||   777
       Bite              |     7 |    17 |    61 |     3 ||    88
       Punch             |       |     6 |     4 |       ||    10
 Abil: Evoke Berserk Rag |       |       |    15 |     2 ||    17
       Draw Destruction  |       |       |     7 |     1 ||     8
       Draw Escape       |       |       |     2 |     2 ||     4
Evoke: Wand              |       |     3 |     3 |       ||     6
  Use: Potion            |       |       |     6 |       ||     6
       Scroll            |       |       |     1 |       ||     1
 Stab: Sleeping          |     7 |    11 |    19 |     1 ||    38
       Confused          |       |       |     2 |       ||     2
  Eat: Chunk             |     2 |     3 |    28 |       ||    33
       Ration            |       |       |       |     1 ||     1
Armor: Skin              |       |     5 |    11 |       ||    16
Dodge: Dodged            |    70 |   111 |   495 |    29 ||   705

Vanquished Creatures
  The ghost of kirsanium the Ogre Mage, a novice OgWz of Ashenzari (D:7)
  A manticore (D:10)
  A troll (D:7)
  A queen bee (D:10)
  Sigmund (D:2)
  8 yaks
  A water moccasin (D:7)
  3 orc warriors
  An ice beast (D:6)
  An ogre (D:8)
  2 phantoms
  3 centaurs
  2 big kobolds (D:8)
  A bullfrog (D:6)
  A wyvern zombie (D:7)
  2 scorpions
  23 killer bees
  10 wights
  3 howler monkeys (D:10)
  4 crimson imps
  2 jellies
  2 hounds (D:8)
  6 orc priests
  A bullfrog skeleton (D:8)
  7 orc wizards
  2 iguanas
  3 worker ants
  A hound skeleton (D:4)
  Robin (D:3)
  7 gnolls
  12 adders
  A howler monkey skeleton (D:4)
  3 shadow imps
  3 oozes
  2 adder skeletons
  4 worms
  3 dart slugs (D:2)
  2 leopard geckos
  23 orcs
  A ball python (D:1)
  6 bats
  4 giant cockroaches
  10 goblins
  10 hobgoblins
  11 jackals
  3 quokkas
  3 frilled lizards
  16 kobolds
  2 leopard gecko skeletons (D:5)
  A quokka zombie (D:6)
  3 rats
225 creatures vanquished.

Vanquished Creatures (others)
  A killer bee (D:8)
1 creature vanquished.

Grand Total: 226 creatures vanquished
